 Dungeon Crawl Stone Soup version 0.31-a0-246-g8cbcc1cb85 (webtiles) character file.

Game seed: 9553403561815202316

854 qw the Shooter (level 8, -8/52 HPs)
             Began as a Gargoyle Hexslinger on July 12, 2023.
             Was an Initiate of Okawaru.
             Mangled by a two-headed ogre
             ... wielding a +0 giant club
              (17 damage)
             ... on level 6 of the Dungeon.
             The game lasted 00:01:36 (4299 turns).

qw the Shooter (Gargoyle Hexslinger)                Turns: 4299, Time: 00:01:36

Health: -8/52      AC: 14    Str: 13    XL:     8   Next: 1%
Magic:  11/11      EV: 14    Int: 13    God:    Okawaru [......]
Gold:   255        SH:  0    Dex: 20    Spells: 8/9 levels left

rFire   . . .        Y - +2 sling (freeze)
rCold   . . .        (no shield)
rNeg    + . .        b - +0 ring mail
rPois   inf          (no helmet)
rElec   +            (no cloak)
rCorr   .            (no gloves)
SInv    .            (no boots)
Will    +....        (no amulet)
Stlth   +++          e - +6 ring of dexterity
HPRegen 0.28/turn    (no ring)
MPRegen 0.12/turn

%: no passive effects
@: about to teleport, heroic
A: sickness immunity, AC +5, negative energy resistance 1, electricity
resistance, torment resistance 1, petrification resistance, iridescent scales 1,
strong-willed 1, robust 1
a: Renounce Religion


You were on level 6 of the Dungeon.
You worshipped Okawaru.
Okawaru was noncommittal.
You visited 1 branch of the dungeon, and saw 6 of its levels.

You collected 255 gold pieces.


Innate Abilities, Weirdness & Mutations

You are immune to sickness and miasma.
Your stone body is resilient. (AC +5)
You are immune to poison.
You resist negative energy. (rN+)
You are resistant to electric shocks. (rElec)
You are resistant to unholy torment.
You are immune to petrification.
You are partially covered in iridescent scales. (AC +2)
You are strong-willed. (Will+)
You are robust. (+10% HP)


   Skills:
 - Level 4.0(9.0) Fighting
 + Level 6.2(11.2) Ranged Weapons
 - Level 3.4(8.4) Armour
 - Level 1.5(6.5) Dodging
 - Level 1.0 Spellcasting
 - Level 2.6 Hexes
 - Level 4.1 Invocations


You had 8 spell levels left.
You knew the following spells:

 Your Spells              Type           Power      Damage    Failure   Level
a - Slow                  Hex            28%        N/A       17%         1

Your spell library contained the following spells:

 Spells                   Type           Power      Damage    Failure   Level
 Inner Flame              Hex/Fire       4%         N/A       65%         3
 Portal Projectile        Hex/Tloc       8%         N/A       65%         3
 Cause Fear               Hex            3%         N/A       86%         4

Inventory:

Hand Weapons
 Y - a +2 sling of freezing (weapon)
Armour
 b - a +0 ring mail (worn)
Jewellery
 a - a ring of ice
 e - a +6 ring of dexterity (left hand)
Scrolls
 j - a scroll of teleportation
 m - a scroll of identify
Potions
 c - a potion of mutation
 d - a potion of cancellation {unknown}
 f - a potion of lignification {unknown}
 h - a potion of ambrosia {unknown}
 i - a potion of curing
 k - a potion of degeneration {unknown}
 l - a potion of brilliance {unknown}

Dungeon Overview and Level Annotations

Branches:
Dungeon (6/15)
 Temple: D:4-7

Altars:
Cheibriados
Elyvilon
Hepliaklqana
Okawaru
Xom
Yredelemnul
Zin
The Shining One


Message History

The two-headed ogre hits you with a +0 giant club.
The two-headed ogre misses you.
You shoot a sling bullet.
The sling bullet hits the two-headed ogre.
The sling bullet freezes the two-headed ogre.
The two-headed ogre is heavily wounded.
The two-headed ogre barely misses you.
The two-headed ogre hits you with a +0 giant club!
You shoot a sling bullet.
The sling bullet hits the two-headed ogre!
The sling bullet freezes the two-headed ogre.
The two-headed ogre is severely wounded.
You shoot a sling bullet.
The sling bullet hits the two-headed ogre.
The sling bullet freezes the two-headed ogre.
The two-headed ogre is almost dead.
The two-headed ogre hits you with a +0 giant club!
The two-headed ogre closely misses you.
You shoot a sling bullet.
The sling bullet hits the two-headed ogre.
The sling bullet freezes the two-headed ogre.
The two-headed ogre is almost dead.
You shoot a sling bullet.
The sling bullet barely misses the two-headed ogre.
The two-headed ogre hits you but does no damage.
The two-headed ogre hits you with a +0 giant club!
4297 ||| READING 2 scrolls of teleportation.
As you read the scroll of teleportation, it crumbles to dust.
You feel strangely unstable. The two-headed ogre misses you.
The two-headed ogre hits you with a +0 giant club.
You shoot a sling bullet.
The sling bullet hits the two-headed ogre.
The sling bullet freezes the two-headed ogre.
The two-headed ogre is almost dead.
You shoot a sling bullet.
The sling bullet barely misses the two-headed ogre.
The two-headed ogre misses you.
The two-headed ogre hits you with a +0 giant club!
You die...

#. #(## #... #...
#... #...
#####..###########
.........O@##.##.##
..........^<......#
...#####.....%....#
#.O#$?!#..........#
#..#![$#..........#
...#[$$#...##....##
...#####...#######
............#
..........#


You could see a two-headed ogre.

Vanquished Creatures
  Sigmund (D:4)
  An ice beast (D:3)
  An ogre (D:5)
  A bullfrog (D:4)
  2 scorpions
  2 hounds
  2 jellies
  2 orc priests (D:4)
  A sleepcap (D:5)
  An iguana (D:4)
  2 adders
  A worm (D:2)
  2 dart slugs
  6 orcs
  5 endoplasms
  2 giant cockroaches
  5 goblins
  8 hobgoblins
  4 jackals (D:1)
  11 kobolds
  2 quokkas
  5 ball pythons
  2 bats
  14 frilled lizards
  6 rats
89 creatures vanquished.

Notes
Turn   | Place    | Note
-------+----------+-------------------------------------------
     0 | D:1      | qw the Gargoyle Hexslinger began the quest for the Orb.
     0 | D:1      | Reached XP level 1. HP: 12/12 MP: 2/2
     0 | D:1      | 0 ||| qw: Version: 0.3-a-52-g30416fa
     0 | D:1      | 0 ||| qw: Game counter: 6452
     0 | D:1      | 0 ||| qw: Melee chars always use a shield: true
     0 | D:1      | 0 ||| qw: God list: Okawaru
     0 | D:1      | 0 ||| qw: Allow faded altars: false
     0 | D:1      | 0 ||| qw: Do Orc after clearing Dungeon:15 true
     0 | D:1      | 0 ||| qw: Do second Lair branch before Depths: true
     0 | D:1      | 0 ||| qw: Lair rune preference: random
     0 | D:1      | 0 ||| qw: Goals: Normal
     0 | D:1      | 0 ||| PLANNING D:1-11
   190 | D:1      | Reached XP level 2. HP: 10/16 MP: 3/3
   205 | D:1      | 205 ||| FLEEEEING.
   206 | D:1      | 206 ||| FLEEEEING.
   207 | D:1      | 207 ||| FLEEEEING.
   208 | D:1      | 208 ||| FLEEEEING.
   231 | D:1      | Reached skill level 3 in Ranged Weapons
   471 | D:1      | Reached XP level 3. HP: 21/21 MP: 4/4
   536 | D:1      | Found a faded altar of an unknown god.
   998 | D:1      | 998 ||| READING scroll labelled GAZXOLUIME.
   999 | D:1      | 999 ||| READING scroll labelled GESILOUTOU.
  1000 | D:1      | 1000 ||| DROPPING scroll of poison.
  1021 | D:2      | 1021 ||| STAIRDANCE
  1620 | D:2      | Reached XP level 4. HP: 26/26 MP: 5/5
  1652 | D:2      | 1652 ||| UPGRADING to +0 ring mail.
  1662 | D:2      | 1662 ||| DROPPING +0 robe.
  1663 | D:2      | 1663 ||| DROPPING +0 ring mail of poison resistance.
  1664 | D:2      | 1664 ||| READING scroll labelled QOT GUOHURGH.
  1665 | D:2      | 1665 ||| READING scroll labelled ITERUE PEVOO.
  1666 | D:2      | 1666 ||| READING scroll labelled RAFAN ODYOR.
  1758 | D:3      | Reached skill level 4 in Ranged Weapons
  1770 | D:3      | 1770 ||| FLEEEEING.
  1771 | D:3      | 1771 ||| FLEEEEING.
  1772 | D:3      | 1772 ||| FLEEEEING.
  1773 | D:3      | 1773 ||| FLEEEEING.
  1774 | D:3      | 1774 ||| FLEEEEING.
  1775 | D:3      | 1775 ||| FLEEEEING.
  1776 | D:3      | 1776 ||| FLEEEEING.
  1781 | D:3      | 1781 ||| FLEEEEING.
  1787 | D:3      | 1787 ||| FLEEEEING.
  1788 | D:3      | 1788 ||| FLEEEEING.
  1789 | D:3      | 1789 ||| FLEEEEING.
  1822 | D:3      | Found a shimmering altar of Xom.
  1842 | D:3      | Found an iron altar of Okawaru.
  1843 | D:3      | 1843 ||| PLANNING OKAWARU WORSHIP
  1843 | D:3      | 1843 ||| READING scroll labelled GYRUHO WIUT.
  1888 | D:3      | Became a worshipper of Warmaster Okawaru
  1889 | D:3      | 1889 ||| PLANNING D:1-11
  2055 | D:3      | 2055 ||| READING scroll of brand weapon.
  2055 | D:3      | 2055 ||| BRANDING +1 sling of freezing.
  2058 | D:3      | Noticed an ice beast
  2066 | D:3      | Killed an ice beast
  2067 | D:3      | Reached skill level 3 in Armour
  2067 | D:3      | Reached XP level 5. HP: 30/30 MP: 6/6
  2377 | D:3      | 2377 ||| UPGRADING to +6 ring of dexterity.
  2378 | D:3      | 2378 ||| DRINKING 2 inky potions.
  2379 | D:3      | 2379 ||| DROPPING potion of attraction.
  2396 | D:4      | 2396 ||| STAIRDANCE
  2449 | D:4      | Reached * piety under Okawaru
  2467 | D:4      | 2467 ||| INVOKING Heroism.
  2472 | D:4      | Reached XP level 6. HP: 18/35 MP: 4/7
  2584 | D:4      | Noticed Sigmund
  2585 | D:4      | 2585 ||| INVOKING Heroism.
  2598 | D:4      | Killed Sigmund
  2599 | D:4      | Reached skill level 5 in Ranged Weapons
  2657 | D:4      | 2657 ||| INVOKING Heroism.
  2687 | D:4      | Reached XP level 7. HP: 40/40 MP: 8/8
  2688 | D:4      | 2688 ||| INVOKING Heroism.
  2717 | D:4      | 2717 ||| INVOKING Heroism.
  2739 | D:4      | 2739 ||| INVOKING Heroism.
  2783 | D:4      | Identified the +0 leather armour of the Midnight Sun
                  | {Rampage}
  2790 | D:4      | Reached skill level 3 in Fighting
  2801 | D:4      | Found a basalt altar of Yredelemnul.
  2828 | D:4      | Found a snail-covered altar of Cheibriados.
  2983 | D:4      | Found a glowing silver altar of Zin.
  2989 | D:4      | Found a white marble altar of Elyvilon.
  2990 | D:4      | Found a glowing golden altar of the Shining One.
  3112 | D:4      | Reached skill level 3 in Invocations
  3144 | D:4      | 3144 ||| DROPPING +0 leather armour of the Midnight Sun
                  | {Rampage}.
  3145 | D:4      | 3145 ||| READING scroll labelled RUAPPY TONEB.
  3146 | D:4      | 3146 ||| DRINKING 2 metallic dark potions.
  3146 | D:4      | Gained mutation: You are robust. (+10% HP) [potion of
                  | mutation]
  3146 | D:4      | Gained mutation: You are partially covered in iridescent
                  | scales. (AC +2) [potion of mutation]
  3146 | D:4      | Gained mutation: You are strong-willed. (Will+) [potion of
                  | mutation]
  3171 | D:5      | Entered Level 5 of the Dungeon
  3310 | D:5      | Reached skill level 6 in Ranged Weapons
  3449 | D:5      | 3449 ||| INVOKING Heroism.
  3763 | D:5      | Found a hazy altar of Hepliaklqana.
  3981 | D:5      | 3981 ||| READING scroll of brand weapon.
  3981 | D:5      | 3981 ||| BRANDING +2 sling of draining.
  4072 | D:5      | 4072 ||| READING scroll labelled BUB NO USM.
  4073 | D:5      | 4073 ||| READING 2 scrolls labelled ACEASHR TUROWN.
  4074 | D:5      | 4074 ||| READING scroll labelled DAPPIU DOROME.
  4175 | D:5      | 4175 ||| DRINKING 2 pink potions.
  4176 | D:5      | 4176 ||| DROPPING scroll of fear.
  4221 | D:6      | 4221 ||| INVOKING Heroism.
  4227 | D:6      | Reached XP level 8. HP: 52/52 MP: 7/11
  4259 | D:6      | 4259 ||| STAIRDANCE
  4276 | D:6      | Noticed a two-headed ogre
  4282 | D:6      | 4282 ||| INVOKING Heroism.
  4296 | D:6      | HP: 12/52 [two-headed ogre/+0 giant club (8)]
  4297 | D:6      | 4297 ||| READING 2 scrolls of teleportation.
  4299 | D:6      | Mangled by a two-headed ogre

Levels and vault maps discovered:
D:1:      heliophobic_arrival_dark_side_of_the_moon, layout_basic,
          ebering_ecumenical_altar_mist
D:2:      layout_loops_ring, minmay_lizard_king
D:3:      layout_loops_ring, okawaru_gym_becter, overflow_temple_1_default
D:4:      layout_cave_pools, good_gods_temple_1, mainiacjoe_overflow_boulevard,
          yredelemnul_altar_generic, uniq_sigmund
D:5:      layout_basic, nicolae_overflow_hidden_temple,
          nicolae_hepliaklqana_hippocampus
D:6:      layout_gridville, nicolae_sif_muna_little_library, serial_shops, shop,
          st_stairs_4, due_unseen_surprise

Skill      XL: |  1  2  3  4  5  6  7 |
---------------+----------------------+-----
Ranged Weapons | 3 4 5 6 |  6.2
Fighting       | 2 4 |  4.0
Armour         | 3 |  3.4
Invocations    | 2 4 |  4.1
Dodging        | |  1.5
Spellcasting   | |  1.0
Hexes          | |  2.6

Action                     |  1- 3 |  4- 6 |  7- 9 || total
---------------------------+-------+-------+-------++-------
   Fire: Sling             |   135 |    93 |    79 ||   307
 Invoke: Heroism           |       |     3 |     6 ||     9
    Use: Scroll            |     2 |     5 |     6 ||    13
         Potion            |       |     1 |     2 ||     3
 Armour: Robe              |    23 |     2 |       ||    25
         Ring mail         |       |    27 |     9 ||    36
  Dodge: Dodged            |    61 |    23 |    15 ||    99

Table legend:
 A = Non-vault XP
 B = Vault XP
 C = Vault XP percentage of total XP
 D = Non-vault monster count
 E = Vault monster count
 F = Vault count percentage of total count
                 A         B        C        D         E       F
            +---------+---------+-------+---------+---------+-------
      Total |     989 |     231 |  18.9 |      80 |       9 |  10.1
            +---------+---------+-------+---------+---------+-------
        D:1 |      57 |       0 |   0.0 |      28 |       0 |   0.0
        D:2 |      22 |       8 |  26.7 |      12 |       8 |  40.0
        D:3 |     155 |       0 |   0.0 |      14 |       0 |   0.0
        D:4 |     343 |     223 |  39.4 |      20 |       1 |   4.8
        D:5 |     287 |       0 |   0.0 |       4 |       0 |   0.0
        D:6 |     125 |       0 |   0.0 |       2 |       0 |   0.0
            +---------+---------+-------+---------+---------+-------
